 Dungeon Crawl Stone Soup version 0.27-a0-320-g81d27af2d4 (webtiles) character file.

Game seed: 15573661273489133984

17308 tsouns the Covert (level 12, -5/75 HPs)
             Began as an Octopode Fire Elementalist on Feb 11, 2021.
             Was a High Priest of Sif Muna.
             Slain by a blink frog (19 damage)
             ... on level 1 of the Lair of Beasts.
             The game lasted 00:34:51 (15468 turns).

tsouns the Covert (Octopode Fire Elementalist)     Turns: 15468, Time: 00:34:53

Health: -5/75      AC:  1    Str:  8    XL:     12   Next: 46%
Magic:  7/42       EV: 20    Int: 27    God:    Sif Muna [*****.]
Gold:   836        SH:  0    Dex: 17    Spells: 11/27 levels left

rFire    . . .     SeeInvis .   e - +7 dagger of Dugong {drain, Str-5 Int+5 Dex+4}
rCold    + . .     Faith    .   (no shield)
rNeg     . . .     Spirit   .   (helmet restricted)
rPois    +         Reflect  .   d - amulet of magic regeneration
rElec    .         Harm     .   b - +6 ring of strength
rCorr    .         Rampage  .   a - ring of magical power
Will     .....                  v - ring of protection from cold
Stlth    ++++++....             y - ring of poison resistance
HPRegen  0.22/turn              A - ring of magical power
MPRegen  0.53/turn              (no ring)
                                (no ring)
                                (no ring)

@: no status effects
A: almost no armour, stealthy swim, amphibious, 8 rings, constrict 8, camouflage
1, gelatinous body 1
a: Renounce Religion, Channel Magic, Forget Spell, Divine Exegesis


You were on level 1 of the Lair of Beasts.
You worshipped Sif Muna.
Sif Muna was extremely pleased with you.
You visited 3 branches of the dungeon, and saw 16 of its levels.

You collected 836 gold pieces.

Inventory:

Hand Weapons
 e - the +7 dagger of Dugong (weapon) {drain, Str-5 Int+5 Dex+4}
   (You took it off an orc on level 5 of the Dungeon)

   A truly terrible weapon, it drains the life of those it strikes.
   It affects your strength (-5).
   It affects your intelligence (+5).
   It affects your dexterity (+4).
 s - a +1 trident
 u - a +2 flail of draining
Missiles
 p - 14 javelins (quivered)
Jewellery
 a - a ring of magical power (right tentacle)
 b - a +6 ring of strength (left tentacle)
 d - an amulet of magic regeneration (around mantle)
 v - a ring of protection from cold (on tentacle)
 y - a ring of poison resistance (on tentacle)
 A - a ring of magical power (on tentacle)
 B - a ring of ice
Wands
 f - a wand of flame (34)
 q - a wand of paralysis (4)
 z - a wand of polymorph (7)
Scrolls
 i - 4 scrolls of teleportation
 j - 3 scrolls of amnesia
 m - 2 scrolls of enchant armour
 r - a scroll of immolation
 t - 2 scrolls of magic mapping
 w - 6 scrolls of identify
 D - a scroll of enchant weapon
Potions
 c - a potion of resistance
 g - a potion of haste
 h - 2 potions of attraction
 k - 4 potions of lignification
 l - 5 potions of curing
 n - 3 potions of mutation
 o - 3 potions of brilliance
 x - 2 potions of invisibility
 E - a potion of flight


   Skills:
 + Level 4.6 Fighting
 + Level 9.1 Dodging
 - Level 10.6 Stealth
 + Level 8.4 Spellcasting
 + Level 8.9 Conjurations
 + Level 9.4 Fire Magic
 + Level 5.0 Invocations


You had 11 spell levels left.
You knew the following spells:

 Your Spells              Type           Power        Failure   Level
a - Foxfire               Conj/Fire      100%         1%          1
b - Sticky Flame          Conj/Fire      57%          1%          4
c - Fireball              Conj/Fire      28%          3%          5
d - Conjure Flame         Conj/Fire      57%          1%          3
e - Inner Flame           Hex/Fire       36%          2%          3

Your spell library contained the following spells:

 Spells                   Type           Power        Failure   Level
 Shock                    Conj/Air       100%         1%          1
 Searing Ray              Conj           100%         1%          2
 Dazzling Flash           Conj/Hex       70%          2%          3
 Iskenderun's Battlesphe  Conj           56%          3%          5
 Animate Skeleton         Necr           22%          4%          1
 Corona                   Hex            12%          4%          1
 Freeze                   Ice            44%          4%          1
 Pain                     Necr           44%          4%          1
 Ensorcelled Hibernation  Hex/Ice        22%          8%          2
 Hailstorm                Conj/Ice       35%          9%          4
 Confusing Touch          Hex            11%          16%         3
 Frozen Ramparts          Ice            22%          16%         3
 Gell's Gravitas          Tloc           5%           16%         3
 Ozocubu's Armour         Ice            11%          16%         3
 Spider Form              Tmut/Pois      5%           16%         3
 Tukima's Dance           Hex            11%          16%         3
 Vampiric Draining        Necr           5%           16%         3
 Animate Dead             Necr           5%           45%         4
 Petrify                  Tmut/Erth      11%          45%         4
 Summon Ice Beast         Ice/Summ       11%          45%         4
 Agony                    Necr           11%          80%         5
 Metabolic Englaciation   Hex/Ice        5%           80%         5
 Yara's Violent Unravell  Hex/Tmut       5%           80%         5
 Necromutation            Tmut/Necr      5%           100%        8
 Fire Storm               Conj/Fire      28%          100%        9


Dungeon Overview and Level Annotations

Branches:
Dungeon (13/15)            Temple (0/1) D:4            Lair (1/6) D:9
    Orc (2/2) D:11
    Elf: Orc:2       Vaults: D:13-14

Altars:
Dithmenos
Fedhas
Gozag
Hepliaklqana
Qazlal
Sif Muna
Trog
Xom
The Shining One

Annotations:
D:10 2 transporters
Orc:2 Rupert


Innate Abilities, Weirdness & Mutations

You cannot wear most types of armour.
You are very stealthy in the water. (Stealth+)
You are amphibious.
You can wear up to eight rings at the same time.
You can use your tentacles to constrict eight enemies at once.
Your skin changes colour to match your surroundings (Stealth+).
Your rubbery body absorbs attacks. (AC +1, EV +1)


Message History

Aiming: Fireball (dangerous; 3% risk of failure)
Press: ? - help, Shift-Dir - straight line, f - blink frog
Aim: a blink frog (heavily wounded)
The fireball explodes!
The fireball engulfs the blink frog!!
You kill the blink frog!
Sif Muna accepts your kill.
The fireball engulfs the blink frog!
The blink frog is moderately wounded.
The blink frog gives a loud, deep croak!
You hear a trumpeting!
Your Invocations skill increases to level 5!
Unknown command.
Casting: Fireball (dangerous; 3% risk of failure)
Confirm with . or Enter, or press ? or * to list all spells.
Aiming: Fireball (dangerous; 3% risk of failure)
Press: ? - help, Shift-Dir - straight line The fireball explodes!
You hear a trumpeting!
The blink frog blinks!
Casting: Fireball (dangerous; 3% risk of failure)
Confirm with . or Enter, or press ? or * to list all spells.
Aiming: Fireball (dangerous; 3% risk of failure)
Press: ? - help, Shift-Dir - straight line, f - blink frog
Aim: a blink frog (almost dead)
The fireball explodes!
The fireball engulfs the blink frog!
You kill the blink frog!
Sif Muna accepts your kill.
You hear a trumpeting! x2
A blink frog comes into view.
The blink frog completely misses you.
Casting: Fireball (dangerous; 3% risk of failure)
Confirm with . or Enter, or press ? or * to list all spells.
Aiming: Sticky Flame (dangerous; 1% risk of failure)
Press: ? - help, Shift-Dir - straight line, f - blink frog
Aim: a blink frog (0% to evade)
The sticky flame hits the blink frog!
The blink frog is moderately wounded.
The blink frog is covered in liquid flames!
The blink frog burns!
The blink frog hits you!!
You die...

.... ..# ...##.. #
### ......#.#
###... .....#.##
#..... #...#...##
......#.##........P
.....[......F[†.!.#
...#P..####@#
.........†..#
...###.###### ##


You could see a blink frog (burning).

Vanquished Creatures
  Josephine (Orc:1)
  A two-headed ogre (D:10)
  A centaur warrior (D:13)
  3 unseen horrors
  A manticore (D:12)
  An ugly thing (D:12)
  Maurice (Orc:2)
  Maggie (D:6)
  2 cane toads
  4 trolls
  Prince Ribbit (D:6)
  5 slime creatures (D:12)
  Grinder (D:3)
  A hornet (D:12)
  7 blink frogs (Lair:1)
  4 yaks (D:11)
  6 wraiths
  3 wyverns
  4 vampire mosquitoes (D:13)
  A warg (Orc:1)
  An acid dragon (D:11)
  A water moccasin (D:8)
  Edmund (D:6)
  6 ice beasts
  7 orc warriors
  A necrophage (D:12)
  2 sky beasts
  7 ogres
  6 centaurs
  A kobold brigand (D:10)
  Blork the orc (D:6)
  5 bullfrogs
  A wyvern skeleton (D:6)
  A water moccasin skeleton (D:11)
  2 scorpions
  6 killer bees (D:9)
  2 howler monkeys
  3 centaur zombies
  A bullfrog zombie (D:7)
  7 orc priests
  7 hounds
  3 centaur skeletons
  2 bullfrog skeletons
  3 iguanas
  9 orc wizards
  5 worker ants
  2 hound skeletons
  A howler monkey zombie (D:11)
  A worker ant zombie (D:11)
  9 adders
  2 shadow imps
  2 white imps (D:6)
  2 ufetubi
  An ooze (D:6)
  An adder zombie (D:5)
  An adder skeleton (D:8)
  9 worms
  A dart slug (D:1)
  5 leopard geckos
  64 orcs
  7 giant cockroaches
  2 goblins
  10 hobgoblins
  9 jackals
  9 kobolds
  2 quokkas (D:2)
  2 ball pythons (D:2)
  8 bats
  2 leopard gecko skeletons
  2 leopard gecko zombies
  2 quokka skeletons
  9 rats
305 creatures vanquished.

Vanquished Creatures (others)
  A quokka skeleton (D:6)
  472 foxfires
473 creatures vanquished.

Grand Total: 778 creatures vanquished

Notes
Turn   | Place    | Note
-------+----------+-------------------------------------------
     0 | D:1      | tsouns the Octopode Fire Elementalist began the quest for
                  | the Orb.
     0 | D:1      | Reached XP level 1. HP: 11/11 MP: 3/3
   235 | D:1      | You fall into a shaft and drop 1 floor!
   249 | D:2      | Found an opulent altar of Gozag.
   257 | D:2      | You fall into a shaft and drop 1 floor!
   393 | D:3      | Reached skill level 3 in Stealth
   393 | D:3      | Reached XP level 2. HP: 17/17 MP: 1/5
   693 | D:3      | Found a faded altar of an unknown god.
   702 | D:3      | Reached XP level 3. HP: 21/21 MP: 2/6
   714 | D:3      | Noticed Grinder
   715 | D:3      | Became a worshipper of Sif Muna the Loreminder
   715 | D:3      | Reached * piety under Sif Muna
   813 | D:3      | Killed Grinder
   814 | D:3      | Reached skill level 4 in Stealth
   814 | D:3      | Reached XP level 4. HP: 8/27 MP: 1/8
   814 | D:3      | Reached XP level 5. HP: 9/31 MP: 1/9
   814 | D:3      | Reached XP level 6. HP: 11/36 MP: 1/10
   821 | D:3      | Learned a level 4 spell: Sticky Flame
   827 | D:3      | Learned a level 5 spell: Fireball
  1144 | D:2      | Found a hazy altar of Hepliaklqana.
  2030 | D:2      | Reached ** piety under Sif Muna
  3615 | D:4      | Reached skill level 5 in Stealth
  3786 | D:4      | Found a staircase to the Ecumenical Temple.
  4885 | D:5      | Entered Level 5 of the Dungeon
  4942 | D:5      | Reached XP level 7. HP: 36/41 MP: 12/12
  5166 | D:5      | Identified the +7 dagger of Dugong {drain, Str-5 Int+5
                  | Dex+4}
  5424 | D:5      | Reached *** piety under Sif Muna
  5760 | D:6      | Reached skill level 6 in Stealth
  5996 | D:6      | Noticed Edmund
  6003 | D:6      | Killed Edmund
  6004 | D:6      | Reached skill level 5 in Fire Magic
  6004 | D:6      | Reached XP level 8. HP: 46/46 MP: 9/14
  6058 | D:6      | Noticed Blork the orc
  6064 | D:6      | Learned a level 3 spell: Conjure Flame
  6078 | D:6      | Killed Blork the orc
  6387 | D:6      | Noticed Maggie
  6421 | D:6      | Killed Maggie
  6422 | D:6      | Reached skill level 5 in Dodging
  6422 | D:6      | Reached skill level 7 in Stealth
  6426 | D:6      | Reached XP level 9. HP: 51/51 MP: 1/16
  6510 | D:6      | Reached skill level 5 in Conjurations
  6604 | D:6      | Noticed Prince Ribbit
  6606 | D:6      | Reached skill level 5 in Spellcasting
  6608 | D:6      | Killed Prince Ribbit
  6722 | D:6      | Found a bloodstained altar of Trog.
  6990 | D:7      | Reached skill level 8 in Stealth
  7800 | D:7      | Reached **** piety under Sif Muna
  8706 | D:9      | Found a stormy altar of Qazlal.
  8725 | D:9      | Noticed a troll
  8738 | D:9      | Killed a troll
  9061 | D:9      | Reached skill level 9 in Stealth
  9145 | D:9      | Found a shadowy altar of Dithmenos.
  9145 | D:9      | Found a blossoming altar of Fedhas.
  9218 | D:9      | Found a staircase to the Lair.
  9222 | D:9      | Reached XP level 10. HP: 56/56 MP: 18/18
  9610 | D:10     | Entered Level 10 of the Dungeon
  9622 | D:10     | Noticed a two-headed ogre
  9638 | D:10     | Killed a two-headed ogre
  9871 | D:10     | Noticed an unseen horror
  9873 | D:10     | Killed an unseen horror
  9874 | D:10     | Reached skill level 10 in Stealth
 10079 | D:10     | Found a transporter.
 10136 | D:10     | Found a transporter.
 10244 | D:10     | Learned a level 3 spell: Inner Flame
 10259 | D:10     | Reached ***** piety under Sif Muna
 10415 | D:10     | Noticed an unseen horror
 10420 | D:10     | Killed an unseen horror
 10621 | D:10     | Identified Weceneis's Reference Book on Conjuration and
                  | Transmutation (Sif Muna gifted it to you on level 10 of the
                  | Dungeon)
 10621 | D:10     | Received a gift from Sif Muna
 10622 | D:10     | Reached XP level 11. HP: 41/62 MP: 21/21
 10748 | D:10     | Found a shimmering altar of Xom.
 11152 | D:11     | Reached skill level 1 in Fighting
 11399 | D:11     | Reached skill level 1 in Invocations
 11459 | D:11     | Found a glowing golden altar of the Shining One.
 12154 | D:11     | Found a staircase to the Orcish Mines.
 12206 | D:12     | Killed an unseen horror
 12284 | D:12     | Paralysed by a hornet for 2 turns
 13096 | D:12     | Noticed a purple ugly thing
 13096 | D:12     | Noticed a manticore
 13101 | D:12     | Killed a purple ugly thing
 13101 | D:12     | Killed a manticore
 13662 | D:13     | Noticed a centaur warrior
 13846 | D:13     | Noticed a manticore
 13848 | D:13     | Killed a centaur warrior
 13848 | D:13     | Identified Sif Muna's Volume of the Mountains (Sif Muna
                  | gifted it to you on level 13 of the Dungeon)
 13848 | D:13     | Received a gift from Sif Muna
 13848 | D:13     | Noticed a centaur warrior
 13849 | D:13     | Reached XP level 12. HP: 29/74 MP: 17/23
 14226 | Lair:1   | Entered Level 1 of the Lair of Beasts
 14319 | Orc:1    | Entered Level 1 of the Orcish Mines
 14621 | Orc:2    | Entered Level 2 of the Orcish Mines
 14621 | Orc:2    | Noticed Josephine
 14670 | Orc:1    | Killed Josephine
 14963 | Orc:2    | Noticed Maurice
 14967 | Orc:2    | Killed Maurice
 14971 | Orc:2    | Noticed Rupert
 15463 | Lair:1   | Reached skill level 5 in Invocations
 15468 | Lair:1   | Slain by a blink frog

Illustrated notes

Levels and vault maps discovered:
D:1:      dpeg_arrival_arbitrary_c, layout_loops_ring
D:2:      cheibrodos_pilgrimage, layout_loops_corners,
          grunt_temple_overflow_open, ebering_dispersal_statue_hall
D:3:      layout_basic, chequers_ecumenical_altar_simple, uniq_grinder
D:4:      layout_basic, minmay_temple_entry_crystal_x
D:5:      kennysheep_big_flooded_room, layout_basic
D:6:      layout_gridville, trog_three_pillars_becter, uniq_maggie,
          uniq_blork_the_orc, uniq_prince_ribbit1, uniq_edmund
D:7:      layout_loops_ring
D:8:      layout_basic, chequers_jeans
D:9:      layout_rooms, nicolae_overflow_hidden_temple, lair_entry_dummy,
          basic_altar
D:10:     gammafunk_cloud_chamber, layout_irregular_city, lemuel_tele_altar
D:11:     layout_basic, orc_0_dummy, tso_metal_star
D:12:     layout_long_grid, corexii_hall_statues_deadend
D:13:     layout_big_octagon, kennysheep_opposing_triangles, uniq_sonja
Lair:1:   layout_misc_corridors, grunt_megastairs_2, serial_bayou_shore_a,
          lemuel_fruit_fields, serial_bayou_shore_b,
          infiniplex_staircase_pool_2, lemuel_fruit_tree, uniq_grum
Orc:1:    layout_caves
Orc:2:    kennysheep_orc_mage_school, layout_caves, mines_bat_river,
          uniq_josephine, uniq_maurice, uniq_rupert

Skill      XL: |  1  2  3  4  5  6  7  8  9 10 11 12 |
---------------+-------------------------------------+-----
Stealth        | 3 4 5 6 7 9 10 | 10.6
Dodging        | 3 4 5 6 7 8 9 |  9.1
Spellcasting   | 3 4 5 7 8 |  8.4
Conjurations   | 2 3 4 6 7 8 |  8.9
Fire Magic     | 4 5 6 7 8 9 |  9.4
Fighting       | 3 4 |  4.6
Invocations    | 3 5 |  5.0

Action                   |  1- 3 |  4- 6 |  7- 9 | 10-12 || total
-------------------------+-------+-------+-------+-------++-------
Melee: Club              |     4 |       |       |       ||     4
       Constrict         |     4 |    14 |    20 |    19 ||    57
       Tentacles         |     4 |    10 |    21 |    20 ||    55
       Mace              |     4 |    14 |       |       ||    18
       Spear             |       |    64 |       |       ||    64
       Trident           |       |     6 |     3 |       ||     9
       Dagger            |       |       |   103 |   124 ||   227
 Cast: Foxfire           |    29 |    85 |   133 |    37 ||   284
       Sticky Flame      |       |     3 |    10 |    54 ||    67
       Conjure Flame     |       |       |     2 |     1 ||     3
       Fireball          |       |       |     2 |    77 ||    79
Evoke: Wand              |       |       |     2 |       ||     2
  Use: Scroll            |       |     6 |    10 |     3 ||    19
       Potion            |       |       |     1 |     2 ||     3
 Stab: Sleeping          |       |    22 |    16 |    16 ||    54
       Distracted        |       |       |     1 |     1 ||     2
Armor: Skin              |       |     5 |     3 |     5 ||    13
Dodge: Dodged            |     7 |    37 |    85 |   167 ||   296

Table legend: (Time is in decaauts)
 A = Elapsed time spent in this place.
 B = Non-inter-level travel time spent in this place.
 C = Inter-level travel time spent in this place.
 D = Time resting spent in this place.
 E = Time spent auto-exploring this place.
 F = Levels seen in this place.
 G = Mean time per level.
                   A        B        C        D        E       F      G
               +--------+--------+--------+--------+--------+-----+--------+
         Total |  15485 |  14872 |    613 |      0 |  12667 |  16 |  967.8 |
       Dungeon |  14658 |  14061 |    597 |      0 |  12016 |  13 | 1127.5 |
          Lair |     58 |     57 |      1 |      0 |     22 |   1 |   58.0 |
  Orcish Mines |    768 |    754 |     14 |      0 |    629 |   2 |  384.0 |
               +--------+--------+--------+--------+--------+-----+--------+

Top non-repeatable levels by time:
    D:12: 1940 daAuts
     D:3: 1502 daAuts
    D:10: 1447 daAuts
     D:4: 1326 daAuts
    D:11: 1321 daAuts
     D:2: 1286 daAuts
     D:9: 1223 daAuts
     D:7: 1219 daAuts
     D:6: 1162 daAuts
     D:5: 853 daAuts
     D:1: 782 daAuts
   Orc:1: 747 daAuts
     D:8: 574 daAuts
  Lair:1: 58 daAuts
   Orc:2: 21 daAuts
